 Dungeon Crawl Stone Soup version 0.29.1-15-g9cfb28693d (webtiles) character file.

Game seed: 16202590139166589441

709 kaliiiiii the Purveyor of Pain (level 7, -2/52 HPs)
             Began as a Ghoul Necromancer on Mar 18, 2023.
             Was an Initiate of Kikubaaqudgha.
             Shot with an arrow by a centaur (5 damage)
             ... on level 5 of the Dungeon.
             The game lasted 00:50:23 (5898 turns).

kaliiiiii the Purveyor of Pain (Ghoul Necromancer)  Turns: 5898, Time: 00:50:24

Health: -2/52      AC: 12    Str: 10 (12) XL:     7   Next: 68%
Magic:  0/21       EV:  8    Int: 10 (12) God:    Kikubaaqudgha [......]
Gold:   98         SH:  0    Dex:  8 (9)  Spells: 9/14 levels left

rFire   . . .      SeeInvis .   y - +0 quarterstaff
rCold   + . .      Faith    .   (shield currently unavailable)
rNeg    + + +      Spirit   +   v - +1 scale mail {Will+}
rPois   ∞          Reflect  .   f - +1 helmet
rElec   .          Harm     .   (no cloak)
rCorr   .          Rampage  .   (no gloves)
Will    ++...                   n - +2 pair of boots
Stlth   +.........              g - amulet of guardian spirit
HPRegen 0.00/turn               l - ring of magical power
MPRegen 0.17/turn               u - ring of willpower

@: inhibited regen
A: claws 1, cold resistance 1, negative energy resistance 3, inhibited
regeneration, torment resistance 2, devour on kill
a: Renounce Religion


You were on level 5 of the Dungeon.
You worshipped Kikubaaqudgha.
Kikubaaqudgha was noncommittal.
You visited 2 branches of the dungeon, and saw 7 of its levels.

You collected 178 gold pieces.
You spent 80 gold pieces at shops.

Inventory:

Hand Weapons
 d - a +0 spear
 j - a +0 whip
 y - a +0 quarterstaff (weapon)
Missiles
 q - 17 poisoned darts
Armour
 a - a +0 robe
 b - a +0 helmet
 c - a +0 leather armour
 f - a +1 helmet (worn)
 i - a +0 robe
 n - a +2 pair of boots (worn)
 v - a +1 scale mail of willpower (worn)
Jewellery
 g - an amulet of guardian spirit (around neck)
 l - a ring of magical power (left claw)
 u - a ring of willpower (right claw)
Scrolls
 h - a scroll of amnesia {unknown}
 k - a scroll of magic mapping {unknown}
 m - 2 scrolls of identify {unknown}
 o - a scroll of fear {unknown}
 p - a scroll of noise {unknown}
 s - a scroll of vulnerability
 C - a scroll of enchant armour {unknown}
 D - a scroll of silence {unknown}
 E - a scroll of brand weapon {unknown}
 G - a scroll of fog {unknown}
Potions
 e - a potion of lignification
 r - 2 potions of mutation
 t - a potion of flight {unknown}
 w - 3 potions of brilliance
 x - 2 potions of ambrosia {unknown}
 z - a potion of attraction {unknown}
 A - a potion of curing {unknown}
 B - a potion of degeneration
 F - a potion of cancellation {unknown}


   Skills:
 + Level 1.5 Fighting
 + Level 0.9 Maces & Flails
 + Level 2.7 Armour
 + Level 2.6 Dodging
 + Level 3.0 Stealth
 + Level 0.1 Unarmed Combat
 - Level 4.1 Spellcasting
 - Level 6.1 Necromancy


You had 9 spell levels left.
You knew the following spells:

 Your Spells              Type           Power      Damage    Failure   Level
a - Necrotise             Necr           56%        1d6       13%         1
b - Vampiric Draining     Necr           14%        2d7       36%         3
c - Magic Dart            Conj           8%         1d3       85%         1

Your spell library contained the following spells:

 Spells                   Type           Power      Damage    Failure   Level
 Animate Dead             Necr           14%        N/A       78%         4
 Blink                    Tloc           4%         N/A       94%         2
 Searing Ray              Conj           4%         2d4       94%         2
 Agony                    Necr           14%        N/A       98%         5
 Confusing Touch          Hex            2%         N/A       99%         3
 Anguish                  Hex/Necr       4%         N/A       99%         4
 Fulminant Prism          Conj/Hex       1%         3d6       100%        4
 Manifold Assault         Tloc           2%         N/A       100%        5
 Summon Forest            Summ/Tloc      1%         N/A       100%        5
 Yara's Violent Unravell  Hex/Tmut       1%         3d3       100%        5
 Eringya's Noxious Bog    Tmut/Pois      1%         N/A       100%        6
 Enfeeble                 Hex            1%         N/A       100%        7
 Summon Hydra             Summ           1%         N/A       100%        7
 Storm Form               Tmut/Air       Unusable   N/A       N/A         7

Dungeon Overview and Level Annotations

Branches:
Dungeon (6/15)             Temple (1/1) D:4

Altars:
Hepliaklqana
Kikubaaqudgha
Makhleb
Nemelex Xobeh
Okawaru
Sif Muna
Trog
Uskayaw
Vehumet
Wu Jian

Shops:
D:4 (

Annotations:
D:6 Sigmund


Innate Abilities, Weirdness & Mutations

You are immune to poison.
You have sharp fingernails.
Your flesh is cold resistant. (rC+)
You are immune to negative energy. (rN+++)
You do not regenerate when monsters are visible.
You are immune to unholy pain and torment.
You thrive by killing the living.


Message History

The polar bear claws you but does no damage.
The polar bear barely misses you.
Your surroundings suddenly seem different.
You hear an angry growl.
You hear an angry growl. x2
You hear an angry growl. x2
You hear an angry growl.
There is a stone staircase leading down here.
You climb downwards.
The howler monkey howls!
The centaur shouts!
Found 3 javelins, 15 gold pieces and a scroll labelled NIRUTZ NIOCWOMEZOR.
There is a stone staircase leading up here.
The centaur hits you. The centaur kicks you.
You climb upwards.
There is a stone staircase leading down here.
The centaur barely misses you.
The centaur kicks you but does no damage.
The centaur hits you but does no damage.
The centaur closely misses you.
There is an escape hatch in the floor here.
The centaur wields a +0 shortbow.
The centaur shoots an arrow.
The arrow hits you but does no damage.
The centaur shoots an arrow.
The arrow hits you but does no damage.
The centaur shoots an arrow.
The arrow hits you.
You hear an angry growl.
The centaur shoots an arrow.
The arrow hits you!
The centaur shoots an arrow.
The arrow hits you.
* * * LOW HITPOINT WARNING * * *
The centaur shoots an arrow.
The arrow hits you!
* * * LOW HITPOINT WARNING * * *
The centaur shoots an arrow.
The arrow hits you!
* * * LOW HITPOINT WARNING * * *
You hear an angry growl.
You hear an angry growl. x2
The centaur shoots an arrow.
The arrow hits you but does no damage.
You hear an angry growl. x3
You hear an angry growl.
The centaur shoots an arrow.
The arrow hits you!
You die...
Kikubaaqudgha rasps: "You have failed me!
Welcome... oblivion!"

.....#.......#
#.#
############.###
#.# #...# #.#
###.## #.# #..##
#.# ##..# #.#
##.# #.# #.## #.#
#@.# #)# ##.# #.#
#.# #.# #c###.#
#.....###########
##..#.#.......[.#
#..#.#.#######.#
#..#.#.# #.#
####..#c#.# #.#


You could see a centaur.

Vanquished Creatures
  An ogre (D:5)
  3 scorpions
  A jelly (D:5)
  A hound (D:5)
  Natasha (thrice) (D:4)
  3 iguanas (D:4)
  An orc wizard (D:3)
  4 gnolls (D:3)
  7 adders
  An ufetubus (D:4)
  2 worms
  A dart slug (D:3)
  10 orcs
  6 endoplasms
  2 giant cockroaches (D:2)
  2 goblins
  3 hobgoblins
  2 jackals (D:4)
  4 kobolds
  2 quokkas (D:2)
  5 ball pythons
  6 frilled lizards
  3 rats
73 creatures vanquished.

Vanquished Creatures (collateral kills)
  An iguana (D:4)
  A dart slug (D:3)
  An orc (D:3)
  A ball python (D:4)
  A kobold (D:4)
5 creatures vanquished.

Grand Total: 78 creatures vanquished

Notes
Turn   | Place    | Note
-------+----------+-------------------------------------------
     0 | D:1      | kaliiiiii the Ghoul Necromancer began the quest for the
                  | Orb.
     0 | D:1      | Reached XP level 1. HP: 14/14 MP: 2/2
   614 | D:2      | Reached XP level 2. HP: 20/20 MP: 1/3
   644 | D:2      | Found a faded altar of an unknown god.
   845 | D:2      | Found a hide-covered altar of Uskayaw.
  1157 | D:2      | Reached XP level 3. HP: 26/26 MP: 0/5
  1507 | D:2      | Learned a level 3 spell: Vampiric Draining
  1509 | D:2      | Learned a level 1 spell: Magic Dart
  2080 | D:3      | Reached XP level 4. HP: 29/33 MP: 0/7
  2451 | D:3      | Reached XP level 5. HP: 35/38 MP: 0/9
  3082 | D:3      | Reached skill level 5 in Necromancy
  3416 | D:4      | Reached XP level 6. HP: 37/45 MP: 9/10
  3684 | D:4      | Noticed Natasha
  3697 | D:4      | Killed Natasha
  3709 | D:4      | Noticed Natasha
  3713 | D:4      | Reached skill level 6 in Necromancy
  4032 | D:4      | Killed Natasha
  4397 | D:4      | Noticed Natasha
  4404 | D:4      | Killed Natasha
  4426 | D:4      | Found Zoofit's Antique Weapon Shoppe.
  4434 | D:4      | Bought a quarterstaff for 80 gold pieces
  4458 | D:4      | Found a staircase to the Ecumenical Temple.
  4463 | Temple   | Entered the Ecumenical Temple
  4515 | Temple   | Became a worshipper of Trog the Wrathful
  4565 | Temple   | Fell from the grace of Trog
  4565 | Temple   | Became a worshipper of Kikubaaqudgha
  4632 | D:5      | Entered Level 5 of the Dungeon
  4676 | D:5      | Reached skill level 1 in Armour
  4676 | D:5      | Reached XP level 7. HP: 24/51 MP: 4/12
  4706 | D:5      | HP: 1/51 [acid (4)]
  5327 | D:5      | Reached skill level 1 in Fighting
  5874 | D:5      | Noticed a polar bear
  5874 | D:5      | Noticed a polar bear
  5884 | D:6      | Noticed Sigmund
  5892 | D:5      | HP: 2/52 [centaur/arrow (4)]
  5898 | D:5      | Shot with an arrow by a centaur

Illustrated notes

Levels and vault maps discovered:
D:1:      nzn_arrival_settlement, layout_basic, amethyst_killhole
D:2:      layout_loops_corners, ebering_ecumenical_altar_mist, basic_altar
D:3:      layout_basic, mainiacjoe_overflow_boulevard, nrook_mini_backslash,
          kennysheep_generic_room_8
D:4:      layout_loops_ring, temple_doors_ab, serial_shops, shop, uniq_natasha
D:5:      layout_basic
D:6:      minmay_chambers_of_fours, layout_basic, uniq_sigmund
Temple:   mainiacjoe_temple_hex_bubbles

Skill      XL: |  1  2  3  4  5  6  7 |
---------------+----------------------+-----
Spellcasting   | 2 3 4 |  4.1
Dodging        | 2 |  2.6
Necromancy     | 5 6 |  6.1
Armour         | 1 2 |  2.7
Fighting       | 1 |  1.5
Stealth        | 3 |  3.0
Maces & Flails | |  0.9
Unarmed Combat | |  0.1

Action                   |  1- 3 |  4- 6 |  7- 9 || total
-------------------------+-------+-------+-------++-------
Melee: Unarmed           |    13 |     5 |       ||    18
       Whip              |       |     4 |       ||     4
       Quarterstaff      |       |     2 |     1 ||     3
Throw: Dart              |     4 |       |       ||     4
 Cast: Necrotise         |    74 |   148 |    52 ||   274
  Use: Potion            |     5 |     1 |     2 ||     8
       Scroll            |       |       |     3 ||     3
Armor: Robe              |    15 |     3 |       ||    18
       Scale mail        |       |    48 |    31 ||    79
Dodge: Dodged            |    36 |    70 |    29 ||   135
